 Dungeon Crawl Stone Soup version 0.26.1-11-gd32895ea62 (webtiles) character file.

Game seed: 3282488293230907028

817 tardwrangler69 the Digger (level 7, -9/50 HPs)
             Began as a Green Draconian Earth Elementalist on Apr 13, 2021.
             Mangled by an orc warrior
             ... wielding a +0 dire flail
              (19 damage)
             ... on level 5 of the Dungeon.
             The game lasted 00:06:00 (6898 turns).

tardwrangler69 the Digger (DrEE)                    Turns: 6898, Time: 00:06:01

Health: -9/50      AC:  9    Str: 10    XL:     7   Next: 62%
Magic:  14/14      EV: 12    Int: 18    God:
Gold:   274        SH:  0    Dex: 11    Spells: 4/15 levels left

rFire    x . .     SeeInvis .   d - +0 short sword
rCold    + . .     Faith    .   (no shield)
rNeg     . . .     Spirit   .   (armour unavailable)
rPois    +         Reflect  .   (helmet restricted)
rElec    .         Harm     .   c - +0 cloak
rCorr    .         Rampage  .   n - +0 pair of gloves
Will     .....                  f - +0 pair of boots
Stlth    ++........             (no amulet)
HPRegen  0.16/turn              i - ring of ice
MPRegen  0.14/turn              (no ring)

@: brilliant
A: breathe noxious fumes, unfitting armour, poison resistance, cold-blooded, AC
+6
a: Breathe Noxious Fumes


You were on level 5 of the Dungeon.
You visited 1 branch of the dungeon, and saw 6 of its levels.

You collected 274 gold pieces.

Inventory:

Hand Weapons
 d - a +0 short sword (weapon)
Missiles
 b - 84 stones
Armour
 c - a +0 cloak (worn)
 f - a +0 pair of boots (worn)
 n - a +0 pair of gloves (worn)
Jewellery
 i - a ring of ice (left hand)
 v - an uncursed amulet of the acrobat {unknown}
Wands
 l - a wand of polymorph (6)
Scrolls
 e - a scroll of blinking {unknown}
 g - a scroll of fear {unknown}
 h - 2 scrolls of noise {unknown}
 k - 3 scrolls of teleportation {unknown}
 m - a scroll of enchant weapon {unknown}
 o - 2 scrolls of magic mapping {unknown}
 q - a scroll of amnesia {unknown}
 s - 4 scrolls of remove curse {unknown}
 t - 2 scrolls of enchant armour {unknown}
 w - 3 scrolls of identify {unknown}
Potions
 a - a potion of haste {unknown}
 j - a potion of might {unknown}
 p - a potion of brilliance
 r - 2 potions of heal wounds {unknown}
 u - 2 potions of lignification {unknown}


   Skills:
 - Level 1.7 Dodging
 - Level 1.7 Stealth
 + Level 4.8 Spellcasting
 - Level 1.0 Transmutations
 * Level 7.7 Earth Magic


You had 4 spell levels left.
You knew the following spells:

 Your Spells              Type           Power        Failure   Level
a - Sandblast             Erth           96%          1%          1
b - Stone Arrow           Conj/Erth      54%          9%          3
c - Passwall              Tmut/Erth      25%          3%          2
d - Lee's Rapid Deconstr  Erth           24%          16%         5

Your spell library contained the following spells:

 Spells                   Type           Power        Failure   Level
 Petrify                  Tmut/Erth      30%          22%         4


Dungeon Overview and Level Annotations

Branches:
Dungeon (6/15)
 Temple: D:4-7

Altars:
Elyvilon
Kikubaaqudgha
Okawaru
Yredelemnul

Annotations:
D:4 1 runed translucent door


Innate Abilities, Weirdness & Mutations

You can breathe blasts of noxious fumes.
Your lurid green scales are hard. (AC +6)
You cannot fit into any form of body armour.
Your system is resistant to poisons. (rPois)
You are cold-blooded and may be slowed by cold attacks.


Message History

A howler monkey comes into view.
The orc priest calls down the wrath of Beogh upon you.
Beogh smites you!
* * * LOW HITPOINT WARNING * * *
There is a stone staircase leading up here.
The orc warrior misses you.
You climb upwards.
There is a stone staircase leading down here.
Unknown command.
Unknown command.
The orc warrior hits you with a +0 dire flail.
There is a stone staircase leading down here.
The orc warrior hits you with a +0 dire flail!
* * * LOW HITPOINT WARNING * * *
Okay, then.
Unknown command.
It was a potion of brilliance.
You feel clever all of a sudden.
The orc warrior hits you with a +0 dire flail!!
You die...

...#######..##.........#
..## #.......#.........####
..####....................##
....#......................#
..#........................#
.###..................###.##
## ##...#..............####
### #...#...#...o.#.......#
..###.......#...@.##......#
...##.............##......##
...##.............####.....#
...........#......# ##....#
...........##.....# ##..##
..........##.....## ####
...........##..###
.......#...#####
#......###..#


You could see an orc warrior.

Vanquished Creatures
  An ogre (D:5)
  A bullfrog (D:6)
  3 vampire bats (D:3)
  A human zombie (D:4)
  2 bullfrog skeletons
  A hound (D:5)
  An orc priest (D:6)
  2 orc wizards
  2 worker ants
  Natasha (thrice) (D:2)
  10 adders
  A white imp (D:6)
  An ufetubus (D:4)
  2 oozes
  2 worms (D:2)
  2 leopard geckos (D:2)
  11 orcs
  4 ball pythons
  5 bats
  2 bat skeletons (D:3)
  5 bat zombies (D:3)
  3 giant cockroaches
  9 goblins
  8 hobgoblins
  9 jackals
  10 kobolds
  2 quokkas (D:3)
  A ball python skeleton (D:4)
  5 frilled lizards
  A quokka zombie (D:6)
  7 rats
117 creatures vanquished.

Vanquished Creatures (others)
  A plant (D:6)
1 creature vanquished.

Grand Total: 118 creatures vanquished

Notes
Turn   | Place    | Note
-------+----------+-------------------------------------------
     0 | D:1      | tardwrangler69 the Draconian Earth Elementalist began the
                  | quest for the Orb.
     0 | D:1      | Reached XP level 1. HP: 14/14 MP: 3/3
   637 | D:1      | Reached XP level 2. HP: 20/20 MP: 5/5
  1358 | D:2      | Reached XP level 3. HP: 20/26 MP: 1/6
  1464 | D:2      | Reached skill level 4 in Earth Magic
  2190 | D:2      | Noticed Natasha
  2192 | D:2      | Killed Natasha
  2193 | D:2      | Reached XP level 4. HP: 33/33 MP: 6/8
  2287 | D:2      | Noticed Natasha
  2293 | D:2      | Killed Natasha
  2581 | D:2      | Reached skill level 5 in Earth Magic
  2582 | D:2      | Reached XP level 5. HP: 38/38 MP: 6/9
  2831 | D:2      | Noticed Natasha
  2839 | D:2      | Killed Natasha
  3130 | D:2      | Found a faded altar of an unknown god.
  3355 | D:3      | Found an iron altar of Okawaru.
  3593 | D:3      | Found a white marble altar of Elyvilon.
  4279 | D:3      | Found an ancient bone altar of Kikubaaqudgha.
  4290 | D:3      | Reached XP level 6. HP: 41/45 MP: 2/11
  4301 | D:3      | Reached skill level 6 in Earth Magic
  4703 | D:4      | Noticed a human
  4704 | D:4      | Found a runed translucent door.
  4708 | D:4      | Found a basalt altar of Yredelemnul.
  5517 | D:5      | Entered Level 5 of the Dungeon
  5776 | D:5      | Your scales start taking on a lurid green colour.
  5776 | D:5      | Reached XP level 7. HP: 48/50 MP: 10/13
  5776 | D:5      | Gained mutation: Your system is resistant to poisons.
                  | (rPois) [Green Draconian growth]
  6074 | D:5      | Reached skill level 7 in Earth Magic
  6321 | D:5      | Learned a level 3 spell: Stone Arrow
  6324 | D:5      | Learned a level 2 spell: Passwall
  6330 | D:5      | Learned a level 5 spell: Lee's Rapid Deconstruction
  6898 | D:5      | Mangled by an orc warrior

Illustrated notes

Levels and vault maps discovered:
D:1:      evilmike_arrival_hilbert_curve, layout_basic
D:2:      layout_loops_ring, chequers_ecumenical_altar_grove, uniq_natasha
D:3:      layout_loops_corners, kennysheep_okawaru_gauntlet, elyvilon_altar_3,
          kennysheep_vampire_church
D:4:      layout_basic, dk_yredelemnul_ordeal
D:5:      layout_cave_pools
D:6:      layout_rooms, nicolae_ru_the_path_less_chosen, xom_redecorated

Skill      XL: |  1  2  3  4  5  6  7 |
---------------+----------------------+-----
Earth Magic    | 4 5 6 7 |  7.7
Spellcasting   | 3 4 |  4.8
Dodging        | |  1.7
Stealth        | |  1.7
Transmutations | |  1.0

Action                   |  1- 3 |  4- 6 |  7- 9 || total
-------------------------+-------+-------+-------++-------
Melee: Unarmed           |    47 |       |       ||    47
       Short sword       |   121 |   187 |    36 ||   344
       Tailslap          |     8 |    20 |     2 ||    30
 Cast: Sandblast         |    14 |    47 |    34 ||    95
  Use: Potion            |       |       |     1 ||     1
 Stab: Sleeping          |       |     5 |       ||     5
Armor: Skin              |    59 |   127 |    27 ||   213
Dodge: Dodged            |   125 |   183 |    59 ||   367
